AoeStats
← DonCamillo

Oasis

509925264Analyzed
2v2 RM · 2d ago on Sep 28, 2026· 41m 12s· 4 players
Game mode
Random Map
Map size
Medium (4 player)
Population
200
Speed
Normal
Resources
Standard
Victory
Conquest
Starting age
Dark Age
Ending age
Imperial Age
RankedLock teamsTeams togetherTeam positionsShared explorationLock speedFull tech treeHidden civsTurbo modeCheats
Victory
Defeat
🇩🇪 Ethiopians · Germany
1054
+13
🇩🇪 Italians · Germany
980
+16
🇭🇺 Ethiopians · Hungary
986
-15
🇭🇺 Huns · Hungary
977
-14
GGNXT
7:27 Loom
10:49 Feudal Age
11:18 Double-Bit Axe
17:52 Scale Mail Armor
20:34 Castle Age
21:39 Squires
23:12 Bow Saw
25:25 Fletching
25:43 Padded Archer Armor
27:44 Bodkin Arrow
28:05 Leather Archer Armor
28:27 Elite Skirmisher
31:49 Thumb Ring
36:21 Chain Mail Armor
ököllel ujjazlak
12:48 Feudal Age
11:07 Loom
21:42 Castle Age
21:20 Scale Barding Armor
21:26 Forging
24:30 Wheelbarrow
23:43 Double-Bit Axe
37:18 Imperial Age
37:11 Iron Casting
37:23 Bloodlines
37:50 Hand Cart
38:41 Cavalier
40:59 Gold Mining
DonCamillo
3:53 Loom
10:48 Feudal Age
11:48 Feudal Age
18:55 Castle Age
20:28 Fletching
20:51 Horse Collar
25:04 Double-Bit Axe
25:55 Bodkin Arrow
33:22 Imperial Age
31:15 Padded Archer Armor
31:40 Ballistics
30:59 Crossbowman
33:40 Leather Archer Armor
32:59 Light Cavalry
35:39 Chemistry
37:35 Bracer
40:05 Wheelbarrow
39:46 Bloodlines
41:13 Scale Barding Armor
Dr. D
0:36 Loom
10:43 Feudal Age
16:27 Double-Bit Axe
16:56 Town Watch
20:33 Castle Age
18:32 Fletching
18:52 Gold Mining
20:04 Padded Archer Armor
20:01 Horse Collar
20:36 Crossbowman
22:23 Bodkin Arrow
23:43 Thumb Ring
27:54 Bow Saw
28:39 Stone Mining
29:46 Heavy Plow
34:34 Caravan
35:18 Ballistics
36:54 Wheelbarrow
36:22 Town Patrol
42:02 Imperial Age
41:45 Murder Holes
Connection lost

Rejoining the realm…

Still unreachable

The connection could not be restored.

Session expired

The server has moved on; the page needs a fresh start.